Unix NetHack Version 3.7.0-84 Work-in-progress - last build May 22 2023 02:29:17 (732dfbf093e943a159c46a5f7822c8f8c359e758,branch:master). Game began 2023-05-23 17:54:19, ended 2023-05-28 19:12:44. spontiff, neutral male gnomish Healer ---------- -----------# |oHoG)....# |.........|# |DoGHD...|#########..........|# ----- ----- |oT.T%D..-# (#|.........|# |...| |...| |h.@.D...|# #[###)#-.........|# |...-# ####+.^.| |oGhC.hD.|[ # #|.........|0########..%.|# # |...| --.-------### #.....{....| -.---# # ----- ###0# )---------|- # # # # ## ### #### # ### [ ## # # ## # [# # # # # ^ # ##------# # # #-|---# #|..<.-# # ##### #....-# #.[...| # ## |...| |....| ############## |...| ------ --.---.----.---####....| |......%......| ----- |.............| --------------- Spontiff the Rhizotomist St:18 Dx:12 Co:17 In:11 Wi:16 Ch:17 Neutral S:2036 Dlvl:21 $:0 HP:0(81) Pw:1(10) AC:-10 Xp:2/29 T:44919 Latest messages: But wait... Your medallion begins to glow! You feel much better! The medallion crumbles to dust! The blue dragon hits! The blue dragon hits again! You survived that attempt on your life. You hit the blue dragon. The blue dragon bites! The blue dragon hits! The blue dragon hits again! You swap places with the peaceful dwarf queen. The blast of lightning whizzes by you! You are blinded by the flash! The blast of lightning hits the bugbear! The stone giant hits! The gold dragon bites! The gold dragon hits! The gold dragon hits again! The gold dragon knocks you backward with a forceful strike! The stone giant hits! The blast of lightning hits the blue dragon. Your arm tingles. The stone giant misses! What do you want to use or apply? [cfklostwxzDMW or ?*] c Nothing seems to happen. The gold dragon bites! The gold dragon hits! The gold dragon hits again! What do you want to use or apply? [cfklostwxzDMW or ?*] c You can see again. The gold dragon bites! The gold dragon hits! The gold dragon hits again! The gold dragon bites! The gold dragon hits! The gold dragon hits again! The blue dragon breathes lightning! The blast of lightning hits the gold dragon! The blast of lightning hits the stone giant! The blast of lightning hits the Olog-hai! The Olog-hai wakes up. What do you want to use or apply? [cfklostwxzDMW or ?*] s In what direction? b Status of the bugbear (chaotic, large): Level 4 HP 18(18) AC 5, asleep. The Olog-hai hits! The Olog-hai hits! You die... Do you want your possessions identified? [ynq] (y) y Do you want to see the dungeon overview? [ynq] (y) q Inventory: Armor h - an uncursed greased +0 elven leather helm (being worn) g - an uncursed +1 pair of leather gloves (being worn) v - an uncursed +0 pair of elven boots (being worn) r - an uncursed +1 small shield (being worn) q - an uncursed greased fireproof +1 cloak of magic resistance (being worn) d - an uncursed +0 set of orange dragon scales (being worn) Comestibles y - an uncursed apple n - an uncursed food ration p - an uncursed tripe ration u - an uncursed lichen corpse i - an uncursed lizard corpse Rings R - an uncursed ring of slow digestion (on right hand) Wands D - a blessed wand of digging (0:4) Tools f - a blessed greased bag of holding containing 60 items W - an uncursed frost horn named empty (0:0) M - an uncursed magic harp (0:5) z - an uncursed leash o - an uncursed magic whistle w - an uncursed mirror x - a cursed oil lamp k - an uncursed skeleton key s - an uncursed stethoscope t - an uncursed towel named FiPoSl Ty c - a blessed +0 unicorn horn Gems/Stones E - 2 uncursed rubies l - a blessed luckstone Contents of the bag of holding: 781 gold pieces an uncursed amulet of ESP an uncursed amulet of guarding an uncursed +0 bullwhip an uncursed +0 cloak of invisibility an uncursed +0 elven cloak an uncursed +0 mummy wrapping an uncursed +0 robe 2 uncursed berried treasures a blessed eucalyptus leaf 14 uncursed food rations 2 uncursed tripe rations a blessed tin of chameleon meat an uncursed tin of lizard meat a blessed tin of tengu meat 2 uncursed lizard corpses 2 uncursed lizard corpses a blessed scroll of blank paper 4 uncursed scrolls of blank paper a cursed scroll of blank paper 2 uncursed scrolls of identify 2 uncursed scrolls of teleportation 2 cursed scrolls of teleportation a blessed spellbook of healing an uncursed potion of gain level an uncursed potion of object detection an uncursed potion of see invisible 5 potions of holy water a potion of unholy water an uncursed +1 ring of increase damage an uncursed ring of invisibility an uncursed ring of levitation an uncursed ring of polymorph an uncursed ring of slow digestion an uncursed ring of stealth an uncursed wand of create monster (0:13) an uncursed wand of create monster (0:11) an uncursed wand of digging (0:1) an uncursed wand of speed monster (0:3) an uncursed wand of striking (0:6) an uncursed wand of striking (0:5) an uncursed wand of teleportation (0:5) an uncursed wand of teleportation (0:0) an uncursed wand of undead turning (0:8) an empty uncursed greased sack an uncursed can of grease (0:3) an uncursed magic marker (0:80) an uncursed +0 pick-axe a blessed tinning kit (0:59) an uncursed +0 unicorn horn 2 uncursed amethyst stones an uncursed aquamarine stone 3 uncursed diamonds 2 uncursed emeralds an uncursed jade stone 3 uncursed jet stones an uncursed obsidian stone 3 uncursed opals an uncursed sapphire a blessed luckstone Spontiff the Healer's attributes: Background: You were a Rhizotomist, a level 2 male gnomish Healer. You were neutral, on a mission for Hermes who was opposed by Athena (lawful) and Poseidon (chaotic). You were in the Dungeons of Doom, on level 21. You entered the dungeon 44919 turns ago. You had 29 experience points, 11 more were needed to attain level 3. Your score was 2036 before end-of-game adjustments. Basics: You had 0 out of 81 hit points. You had 1 out of 10 energy points (spell power). Your armor class was -10. Your wallet was empty, but you had 781 zorkmids stashed away in your pack. Autopickup was on for '$!/="?' plus thrown, with exceptions. Final Characteristics: Your strength was 18 (limit:18/50). Your dexterity was 12 (limit:18). Your constitution was 17 (peak:18, limit:18). Your intelligence was 11 (limit:19). Your wisdom was 16 (limit:18). Your charisma was 17 (limit:18). Final Status: You were not hungry. You were unencumbered. You were empty handed. You were unskilled in bare handed combat. Final Attributes: You were piously aligned. You were magic-protected. You were fire resistant. You were sleep resistant. You were poison resistant. You were telepathic. You had infravision. You were stealthy. You had slower digestion. You had a moderate defense bonus (+9). You were warded. You had free action. You were lucky. You had extra luck. Good luck did not time out for you. You are dead (2nd time!). Miscellaneous: You encountered 2 bones levels. Total elapsed playing time was 15 hours, 50 minutes and 35 seconds. Major events: Turn 1: spontiff the neutral male gnomish Healer entered the dungeon 3059: entered the Gnomish Mines 5565: reached Mine Town 16314: entered Sokoban 16734: completed 1st Sokoban level 18254: completed 2nd Sokoban level 18761: completed 3rd Sokoban level 22205: killed the Oracle 26882: acquired the Mines' End luckstone 35039: completed 4th Sokoban level 35276: acquired the Sokoban bag of holding 44905: averted death (killed by a blue dragon) 44919: killed by an Olog-hai Vanquished creatures: a gold dragon an orange dragon 2 yellow dragons a baby black dragon a skeleton 7 shopkeepers the Oracle an aligned cleric a watch captain 2 ghosts 3 giant mimics a flesh golem 3 large mimics a hill giant a giant zombie 5 water demons 18 small mimics 2 warhorses a xan an ettin mummy a troll a sasquatch a shark a freezing sphere a flaming sphere 2 gargoyles a tengu an ochre jelly a leocrotta a stone giant 2 human mummies a pit viper a wraith 2 ettin zombies 3 leather golems 4 watchmen 2 chameleons a crocodile 4 giant beetles a cockatrice 3 wolves a panther a gremlin a spotted jelly 21 leprechauns an iron piercer a mumak 2 giant spiders a horse an ice vortex a black light 2 gnome rulers an orc mummy a dwarf mummy an ogre 5 brown puddings 3 rust monsters 4 owlbears 2 yetis a werewolf 5 lizards 4 chickatrices a dingo 2 dogs 4 housecats 4 jaguars 4 dwarf leaders 5 white unicorns 4 dust vortices 3 ravens 3 plains centaurs a gnome mummy 7 snakes 2 apes 3 human zombies a rope golem 4 Woodland-elves 5 soldier ants 4 fire ants 6 bugbears 4 imps 3 quasits 4 wood nymphs 7 water nymphs 4 mountain nymphs a Mordor orc 4 Uruk-hai 2 orc shamans 11 rock piercers 8 rock moles 4 ponies 5 fog clouds 5 yellow lights 7 shriekers 5 violet fungi 11 gnome leaders 4 gnomish wizards 4 kobold mummies a red naga hatchling 2 gray oozes a barrow wight 15 elf zombies a ghoul 3 straw golems 7 paper golems 13 giant ants 3 little dogs 8 floating eyes 6 kittens 23 dwarves 10 homunculi 6 kobold leaders 3 kobold shamans 14 hill orcs 15 rothes 13 rabid rats a centipede 7 giant bats 2 monkeys 9 orc zombies 6 dwarf zombies 8 wererats 7 werejackals 26 iguanas 7 killer bees 12 acid blobs 8 coyotes 7 gas spores 16 hobbits 3 manes 8 large kobolds 16 hobgoblins 36 giant rats 21 cave spiders 4 brown molds 17 yellow molds 10 green molds 5 red molds 29 gnomes 8 garter snakes 5 gnome zombies 33 geckos 37 jackals 6 foxes 13 kobolds 9 goblins 18 sewer rats 38 grid bugs 7 bats 31 lichens 10 kobold zombies 32 newts 961 creatures vanquished. No species were genocided or became extinct. Voluntary challenges: You never hit with a wielded weapon. You read items or engraved 26 times. You never engraved Elbereth. You never genocided any monsters. You never polymorphed an object. You never changed form. You used no wishes. You violated the special Sokoban rules twice. Achievements: You entered a shop. You entered the Gnomish Mines. You entered Minetown. You entered a temple. You entered Sokoban. You completed the Gnomish Mines. You completed Sokoban. The Dungeons of Doom: levels 1 to 21 Level 1: Level 2: "Pools" An untended shop, a grave. Level 3: An untended shop. Level 4: A general store, a sink. Stairs down to The Gnomish Mines. Level 5: An altar to Hermes. Level 6: An untended shop. Level 7: Final resting place for xororand-Pri-Hum-Mal-Neu, killed by bumping into a wall, while moving through the air. Level 8: An untended shop. Level 9: Oracle of Delphi. Final resting place for Zinspire-Bar-Hum-Mal-Neu, killed by a gnome. Level 10: A grave. Stairs up to Sokoban, level 9. Level 11: An untended shop. Level 12: Level 13: "Polytrap" Level 14: Level 15: Summoned by Hippocrates. Portal to The Quest. Level 16: A primitive area. Level 17: Level 18: "magic trap" A grave. Level 19: A sink. Level 20: "Blue & Black Ds below" A fountain. Level 21: <- You were here. A throne, a fountain. Final resting place for you, killed by an Olog-hai. The Gnomish Mines: levels 5 to 13 Level 5: Level 6: Level 7: Level 8: Many shops, a temple. Level 9: Level 10: Level 11: Level 12: "Polytraps" Level 13: "Polytrap" The Quest: Level 1: "magic trap; no Ds" An altar to Hermes. Home. Sokoban: levels 9 up to 6 Level 6: Solved. Level 7: Solved. Level 8: Solved. Level 9: Solved. Game over: ---------- / \ / REST \ / IN \ / PEACE \ / \ | spontiff | | 781 Au | | killed by an | | Olog-hai | | | | | | 2023 | *| * * * | * _________)/\\_//(\/(/\)/\//\/|_)_______ Goodbye spontiff the Healer... You died in The Dungeons of Doom on dungeon level 21 with 2036 points, and 781 pieces of gold, after 44919 moves. You were level 2 with a maximum of 81 hit points when you died.